 Dungeon Crawl Stone Soup version 0.31-a0-1002-g8e65716e6e (webtiles) character file.

Game seed: 7470846158335166312

42 IndexError the Magician (level 3, -4/29 HPs)
             Began as a Djinni Conjurer on Nov 9, 2023.
             Killed by nerve-wracking pain
             ... invoked by Jessica
              (6 damage)
             ... on level 2 of the Dungeon.
             The game lasted 00:01:33 (1554 turns).

IndexError the Magician (Djinni Conjurer)           Turns: 1554, Time: 00:01:34

Health: -4/29      AC:  2    Str:  6    XL:     3   Next: 80%
Gold:   55         EV: 12    Int: 21    God:
                   SH:  0    Dex: 11

rFire   + + .        c - +0 spear
rCold   x . .        (no shield)
rNeg    . . .        a - +0 robe
rPois   ∞            (no helmet)
rElec   .            (no cloak)
rCorr   .            (no gloves)
SInv    .            (boots unavailable)
Will    .....        (no amulet)
Stlth   ++           (no ring)
HPRegen 0.24/turn    (no ring)
MPRegen 0.00/turn

%: infuse magic (-5 HP)
@: flying
A: sickness immunity, fire resistance 2, cold vulnerability 1, float, innate
caster, HP casting, extra vitality 1
a: no special abilities


You were on level 2 of the Dungeon.
You visited 1 branch of the dungeon, and saw 2 of its levels.

You collected 55 gold pieces.

Inventory:

Hand Weapons
 c - a +0 spear (weapon)
   (You found it on level 1 of the Dungeon)
Armour
 a - a +0 robe (worn)
Scrolls
 d - 2 scrolls of identify {unknown}
 f - a scroll of enchant weapon {unknown}
 g - 2 scrolls of revelation {unknown}
 h - a scroll of poison {unknown}
 j - a scroll of noise {unknown}
Potions
 b - a potion of invisibility {unknown}
 e - a potion of degeneration {unknown}
 i - a potion of curing {unknown}
 k - a potion of berserk rage {unknown}
 l - a potion of cancellation {unknown}


   Skills:
 * Level 2.5 Fighting
 - Level 2.1 Dodging
 - Level 1.5 Stealth
 + Level 3.6 Spellcasting
 + Level 3.6 Conjurations
 + Level 3.6 Hexes
   Level 0.0 Charms
 + Level 3.6 Summonings
 + Level 3.6 Necromancy
 + Level 3.6 Translocations
 + Level 3.6 Transmutations
 + Level 3.6 Fire Magic
 + Level 3.6 Ice Magic
 + Level 3.6 Air Magic
 + Level 3.6 Earth Magic
 + Level 3.6 Poison Magic


You knew the following spells:

 Your Spells              Type           Power      Damage    Failure   Level
a - Magic Dart            Conj           76%        1d6       2%          1
b - Searing Ray           Conj           38%        2d5       4%          2
c - Dazzling Flash        Conj/Hex       38%        N/A       9%          3
d - Fulminant Prism       Conj/Hex       9%         3d6       28%         4
g - Apportation           Tloc           38%        N/A       2%          1
x - Iskenderun's Mystic   Conj/Tloc      19%        2d6       28%         4
Your spell library was empty.

Dungeon Overview and Level Annotations

Branches:
Dungeon (2/15)

Altars:

Annotations:
D:2 Jessica


Innate Abilities, Weirdness & Mutations

You are immune to sickness and miasma.
You are immune to poison.
Your flesh is very heat resistant. (rF++)
You are vulnerable to cold. (rC-)
You float through the air rather than walking.
You learn spells naturally, not from books.
Your magical power is your life essence.
You have superior vitality. (+4 MHP)


Message History

You take 1 damage, and have 26/28 hp.
You can't see any susceptible monsters within range! (Use Z to cast anyway.)
You can't see any susceptible monsters within range! (Use Z to cast anyway.)
A bat comes into view.
Health restored: 28 A bat is nearby!
The magic dart hits the bat.
Health restored: 29 You can't see any susceptible monsters within range! (Use Z to cast anyway.)
You can't see any susceptible monsters within range! (Use Z to cast anyway.)
Found an escape hatch in the ceiling.
A giant cockroach comes into view.
A giant cockroach is nearby!
The magic dart hits the giant cockroach.
You take 1 damage, and have 28/29 hp.
The magic dart hits the giant cockroach.
You take 1 damage, and have 27/29 hp.
You can't see any susceptible monsters within range! (Use Z to cast anyway.)
You now have 55 gold pieces (gained 13).
You see here a Grand Grimoire.
l - a sedimented blue potion Health restored: 29 You see here a Grand Grimoire.
A goblin comes into view. It is wielding a +0 dagger.
A goblin is nearby!
The magic dart hits the goblin.
You take 1 damage, and have 28/29 hp.
You can't see any susceptible monsters within range! (Use Z to cast anyway.)
You can't see any susceptible monsters within range! (Use Z to cast anyway.)
You can't see any susceptible monsters within range! (Use Z to cast anyway.)
There is a stone staircase leading up here.
Jessica the Apprentice Sorceress comes into view.
She is wielding a +2 dagger of protection.
Jessica shouts!
Health restored: 29 Jessica is nearby!
Jessica is nearby!
Casting: Magic Dart (safe; 2% risk of failure)
Confirm with . or Enter, or press ? or * to list all spells.
Aiming: Searing Ray (safe; 4% risk of failure)
Press: ? - help, Shift-Dir - straight line, f - Jessica
Aim: Jessica, wielding a +2 dagger of protection and wearing a +0 robe (78% to hit)
You miscast Searing Ray.
You are very lightly contaminated with residual magic.
Nothing appears to happen.
Jessica gestures wildly while chanting.
Jessica blinks!
You take 2 damage, and have 27/29 hp.
Jessica is nearby!
The magic dart hits Jessica.
You take 1 damage, and have 26/29 hp.
You can't see any susceptible monsters within range! (Use Z to cast anyway.)
You can't see any susceptible monsters within range! (Use Z to cast anyway.) Jessica is nearby!
The magic dart hits Jessica but does no damage.
The magic dart hits Jessica.
You take 1 damage, and have 25/29 hp.
The magic dart hits Jessica but does no damage.
You take 1 damage, and have 24/29 hp.
The magic dart hits Jessica.
Jessica hits you with a +2 dagger of protection.
Your magical contamination has completely faded away.
You take 5 damage, and have 19/29 hp.
The magic dart hits Jessica but does no damage.
Jessica hits you with a +2 dagger of protection.
You take 6 damage, and have 13/29 hp.
MASSIVE DAMAGE!!
You are too injured to fight recklessly!
You are too injured to fight recklessly!
Casting: Magic Dart (safe; 2% risk of failure)
Confirm with . or Enter, or press ? or * to list all spells.
You don't know that spell.
Casting: Magic Dart (safe; 2% risk of failure)
Confirm with . or Enter, or press ? or * to list all spells.
Aiming: Magic Dart (safe; 2% risk of failure)
Press: ? - help, Shift-Dir - straight line, f/p - Jessica
Aim: Jessica, wielding a +2 dagger of protection and wearing a +0 robe (severely wounded, 100% to hit)
The magic dart hits Jessica but does no damage.
Jessica mumbles some strange words.
Jessica seems to speed up.
You take 1 damage, and have 12/29 hp.
Casting: Magic Dart (safe; 2% risk of failure)
Confirm with . or Enter, or press ? or * to list all spells.
Aiming: Magic Dart (safe; 2% risk of failure)
Press: ? - help, Shift-Dir - straight line, f/p - Jessica
Aim: Jessica, wielding a +2 dagger of protection and wearing a +0 robe (severely wounded, fast, 100% to hit)
The magic dart hits Jessica but does no damage.
Jessica hits you with a +2 dagger of protection.
* * * LOW HITPOINT WARNING * * *
You take 7 damage, and have 5/29 hp.
MASSIVE DAMAGE!!
Casting: Magic Dart (safe; 2% risk of failure)
Confirm with . or Enter, or press ? or * to list all spells.
Aiming: Magic Dart (safe; 2% risk of failure)
Press: ? - help, Shift-Dir - straight line, f/p - Jessica
Aim: Jessica, wielding a +2 dagger of protection and wearing a +0 robe (severely wounded, fast, 100% to hit)
The magic dart hits Jessica but does no damage.
* * * LOW HITPOINT WARNING * * *
Jessica hits you with a +2 dagger of protection.
* * * LOW HITPOINT WARNING * * *
Jessica casts a spell at you. Pain shoots through your body!
You die...

#### #...# .....#
......####
.........
......@.# #@# #.#
#.# ... #.# #..##
#<#
#...#####.#######
#.#.#............
#.#.#.###.######.
.. #.#.#.# #.###
#.


You could see Jessica (fast).

Vanquished Creatures
  An adder (D:2)
  2 dart slugs
  2 endoplasms
  2 giant cockroaches (D:2)
  3 goblins (D:2)
  4 hobgoblins
  5 ball pythons
  3 bats
  2 kobolds (D:2)
  4 rats
28 creatures vanquished.

Notes
Turn   | Place    | Note
-------+----------+-------------------------------------------
     0 | D:1      | IndexError the Djinni Conjurer began the quest for the Orb.
     0 | D:1      | IndexError set off with the following spells memorised:
                  | Magic Dart, Searing Ray, Dazzling Flash, Fulminant Prism,
                  | Iskenderun's Mystic Blast.
     0 | D:1      | Reached XP level 1. HP: 15/15 MP: 0/0
   231 | D:1      | Reached skill level 1 in Fighting
   231 | D:1      | Reached XP level 2. HP: 18/22 MP: 0/0
  1270 | D:2      | Reached XP level 3. HP: 26/28 MP: 0/0
  1270 | D:2      | Learned a level 1 spell: Apportation
  1278 | D:2      | Reached skill level 2 in Fighting
  1542 | D:2      | Noticed Jessica
  1553 | D:2      | HP: 5/29 [Jessica/+2 dagger of protection (6)]
  1554 | D:2      | HP: 2/29 [Jessica/+2 dagger of protection (2)]
  1554 | D:2      | Killed from afar by Jessica

Illustrated notes

Levels and vault maps discovered:
D:1:      lightli_arrival_chessboard, layout_basic, serial_forest,
          infiniplex_forest_clump_long, infiniplex_forest_fountain,
          infiniplex_forest_lined_corner, infiniplex_forest_straight_2,
          infiniplex_forest_straight_1, infiniplex_forest_end_2,
          infiniplex_forest_end_2, infiniplex_forest_end_1,
          infiniplex_forest_clump_curved
D:2:      layout_loops_ring, uniq_jessica

Skill      XL: |  1  2  3 |
---------------+----------+-----
Fighting       | 1 2 |  2.5
Dodging        | |  2.1
Stealth        | |  1.5
Spellcasting   | |  3.6
Conjurations   | |  3.6
Hexes          | |  3.6
Summonings     | |  3.6
Necromancy     | |  3.6
Translocations | |  3.6
Transmutations | |  3.6
Fire Magic     | |  3.6
Ice Magic      | |  3.6
Air Magic      | |  3.6
Earth Magic    | |  3.6
Poison Magic   | |  3.6

Action                     || total
---------------------------++-------
   Cast: Magic Dart        ||    66
 Armour: Robe              ||     5
  Dodge: Dodged            ||     1

Table legend: (Time is in decaauts)
 A = Elapsed time spent in this place.
 B = Non-inter-level travel time spent in this place.
 C = Inter-level travel time spent in this place.
 D = Time resting spent in this place.
 E = Time spent auto-exploring this place.
 F = Levels seen in this place.
 G = Mean time per level.
                   A        B        C        D        E       F      G
               +--------+--------+--------+--------+--------+-----+--------+
         Total |   1553 |   1431 |    122 |      0 |   1295 |   2 |  776.5 |
       Dungeon |   1553 |   1431 |    122 |      0 |   1295 |   2 |  776.5 |
               +--------+--------+--------+--------+--------+-----+--------+

Top non-repeatable levels by time:
     D:1: 1164 daAuts
     D:2: 389 daAuts

Levels and vault maps discovered:
D:1:      lightli_arrival_chessboard, layout_basic, serial_forest,
          infiniplex_forest_clump_long, infiniplex_forest_fountain,
          infiniplex_forest_lined_corner, infiniplex_forest_straight_2,
          infiniplex_forest_straight_1, infiniplex_forest_end_2,
          infiniplex_forest_end_2, infiniplex_forest_end_1,
          infiniplex_forest_clump_curved
D:2:      layout_loops_ring, uniq_jessica

Table legend: (Time is in decaauts)
 A = Elapsed time spent in this place.
 B = Non-inter-level travel time spent in this place.
 C = Inter-level travel time spent in this place.
 D = Time resting spent in this place.
 E = Time spent auto-exploring this place.
 F = Levels seen in this place.
 G = Mean time per level.
                   A        B        C        D        E       F      G
               +--------+--------+--------+--------+--------+-----+--------+
         Total |   1553 |   1431 |    122 |      0 |   1295 |   2 |  776.5 |
       Dungeon |   1553 |   1431 |    122 |      0 |   1295 |   2 |  776.5 |
               +--------+--------+--------+--------+--------+-----+--------+

Top non-repeatable levels by time:
     D:1: 1164 daAuts
     D:2: 389 daAuts

Table legend:
 A = Kills in this place as a percentage of kills in the entire game.
 B = Kills by you in this place as a percentage of kills by you in the entire game.
 C = Kills by friends in this place as a percentage of kills by friends in the entire game.
 D = Other kills in this place as a percentage of other kills in the entire game.
 E = Experience gained in this place as a percentage of experience gained in the entire game.
 F = Experience gained in this place divided by the number of levels of this place that you have seen.
                   A       B       C       D       E      F
               +-------+-------+-------+-------+-------+----------------------
         Total | 100.0 | 100.0 |   N/A |   N/A | 100.0 |  30.5
       Dungeon | 100.0 | 100.0 |   N/A |   N/A | 100.0 |  30.5
               +-------+-------+-------+-------+-------+----------------------
